 Dungeon Crawl Stone Soup version 0.16.1-51-g6203257 (webtiles) character file.

662 amnekian the Ducker (level 7, 45/45 HPs)
             Began as an Octopode Transmuter on July 2, 2015.
             Got out of the dungeon alive.
             The game lasted 00:47:49 (8482 turns).

amnekian the Ducker (Octopode Transmuter)           Turns: 8482, Time: 00:47:49

Health: 45/45      AC:  1    Str:  9    XL:     7   Next: 56%
Magic:  12/12      EV: 14    Int: 17    God:
Gold:   24         SH:  3    Dex: 13    Spells: 2 memorised, 7 levels left

rFire  . . .     SeeInvis +       - Unarmed
rCold  . . .     Clarity  .     c - +0 buckler
rNeg   . . .     SustAb   .     (helmet restricted)
rPois  .         Gourm    .     (no amulet)
rElec  .         Spirit   .     l - ring of see invisible
rCorr  .         Warding  .     (no ring)
rMut   .         Stasis   .     (no ring)
MR     .....                    (no ring)
Stlth  ++++......               (no ring)
                                (no ring)
                                (no ring)
                                (no ring)

@: not resistant to hostile enchantments, stealthy
A: almost no armour, amphibious, 8 rings, constrict 8, camouflage 1, gelatinous
body 1
a: no special abilities


You escaped.
You were not hungry.

You visited 2 branches of the dungeon, and saw 7 of its levels.

You collected 123 gold pieces.
You spent 99 gold pieces at shops.

Inventory:

Hand weapons
 k - a +1 blowgun
 A - a +0 hunting sling
 B - a +9 blowgun
Missiles
 b - 75 arrows
 o - 4 needles of slowing
 p - 25 stones (quivered)
 y - 24 sling bullets
 D - 6 curare-tipped needles
Armour
 c - a +0 buckler (worn)
 j - a +0 buckler
Jewellery
 l - a ring of see invisible (left tentacle)
 C - an uncursed ring of ice
Magical devices
 s - a wand of flame (26)
 z - a wand of fireball (0)
Scrolls
 e - a scroll of teleportation
 i - a scroll of amnesia
 m - 3 scrolls of identify
 r - 2 scrolls of magic mapping
Potions
 f - 4 potions of cancellation
 g - 2 potions of heal wounds {unknown}
 n - 2 potions of invisibility
 q - a potion of agility
 t - a potion of mutation
 v - a potion of berserk rage {unknown}
 x - 3 potions of curing {unknown}
 E - a potion of might {unknown}
Books
 d - a book of Changes

   Spells                             Type                      Level
   a - Beastly Appendage              Transmutation                1
   b - Sticks to Snakes               Transmutation                2
   c - Spider Form                    Transmutation/Poison         3
   d - Ice Form                       Ice/Transmutation            4
   e - Blade Hands                    Transmutation                5
Comestibles
 a - 2 bread rations
 h - 2 fruits
 w - a meat ration


   Skills:
 - Level 2.3 Fighting
 - Level 6.3 Dodging
 - Level 6.0 Stealth
 - Level 3.0 Unarmed Combat
 - Level 2.0 Spellcasting
 * Level 2.5 Transmutations


You had 7 spell levels left.
You knew the following spells:

 Your Spells              Type           Power        Failure   Level  Hunger
a - Beastly Appendage     Trmt           ##....       12%         1    #......
b - Sticks to Snakes      Trmt           ##........   17%         2    ###....


Dungeon Overview and Level Annotations

Branches:
Dungeon (6/15)             Temple (1/1) D:5

Altars:
Ashenzari
Cheibriados
Elyvilon
Fedhas
Gozag
Kikubaaqudgha
Nemelex Xobeh
Okawaru
Qazlal
Ru
Sif Muna
Trog
Xom
Zin

Shops:
D:5 *(*}

Annotations:
D:3 exclusions: hound and 1 more exclusion, Grinder, Jessica
D:4 exclusions: goblin, orc, orc wizard, slave and worker ant


Innate Abilities, Weirdness & Mutations

You cannot wear most types of armour.
You are amphibious.
You can wear up to eight rings at the same time.
You can use your tentacles to constrict many enemies at once.
Your skin changes colour to match your surroundings (Stealth).
Your rubbery body absorbs attacks (AC +1).


Message History

You climb upwards.
Level annotation: exclusions: goblin, orc, orc wizard, slave and worker ant The hobgoblin is too close now for your liking.
There is a stone staircase leading down here.
The ogre shouts!
There is a stone staircase leading up here.
You climb upwards.
Level annotation: exclusions: hound and 1 more exclusion, Grinder, Jessica
There is a stone staircase leading down here.
Unknown command.
There is a stone staircase leading up here.
You climb upwards.
There is a stone staircase leading down here.
There is a stone staircase leading up here.
You climb upwards.
There is a stone staircase leading down here.
There is an escape hatch in the floor here.
There is a staircase leading out of the dungeon here.
Are you sure you want to leave the Dungeon?
This will make you lose the game!
You have escaped!

#..###.....................##
##.# #....##...........###...
#.# #....##...........# ####
#.###....##.###############
#.#.)................##...##
#.#.###############.........
#...#.............#.........
##..#.............#.........
#..#......@......#.........
#####..#.............#........#
#...#..#.............#...#...##
#...#..######.>.#######..######
#.......# #...#...........###
#.......## #.8.#.#####........
#........####...#.###..........
#..........##.8.#.........##.##
#####......##...##.......(...#


There were no monsters in sight!

Vanquished Creatures
  2 scorpions (D:5)
  6 crimson imps (D:5)
  A giant frog zombie (D:6)
  2 centaur skeletons
  2 worker ants (D:5)
  A hound skeleton (D:5)
  7 adders
  A shadow imp (D:5)
  4 worms
  A giant mite (D:3)
  7 giant geckos
  3 oozes
  3 orcs
  3 bat skeletons
  3 giant cockroaches
  11 goblins
  15 hobgoblins
  4 jackals
  2 quokkas
  13 bats
  8 giant newts
  A jackal zombie (D:5)
  13 kobolds
  15 rats
128 creatures vanquished.

Vanquished Creatures (collateral kills)
  An iguana (D:5)
  An adder skeleton (D:5)
2 creatures vanquished.

Grand Total: 130 creatures vanquished

Notes
Turn   | Place    | Note
--------------------------------------------------------------
     0 | D:1      | amnekian, the Octopode Transmuter, began the quest for the Orb.
     0 | D:1      | Reached XP level 1. HP: 13/13 MP: 3/3
    44 | D:1      | Reached skill level 1 in Stealth
   347 | D:1      | Reached XP level 2. HP: 16/18 MP: 2/4
   384 | D:1      | Learned a level 2 spell: Sticks to Snakes
  1030 | D:1      | Reached XP level 3. HP: 17/23 MP: 6/6
  1461 | D:1      | Reached skill level 4 in Stealth
  2148 | D:2      | Found an iron altar of Okawaru.
  2627 | D:2      | Reached skill level 5 in Stealth
  2731 | D:2      | Reached XP level 4. HP: 23/28 MP: 7/7
  3671 | D:3      | Noticed Grinder
  3975 | D:3      | Reached skill level 6 in Stealth
  4018 | D:3      | Noticed Jessica
  4723 | D:3      | Reached XP level 5. HP: 31/33 MP: 9/9
  5132 | D:4      | Noticed an ogre
  5449 | D:4      | Noticed a slave
  5471 | D:5      | Entered Level 5 of the Dungeon
  5543 | D:5      | Found Wigek's Antique Weapon Boutique.
  5565 | D:5      | Bought a glowing blowgun for 62 gold pieces
  5812 | D:5      | Reached XP level 6. HP: 4/40 MP: 6/10
  6142 | D:5      | Found Ytaus' Assorted Antiques.
  6245 | D:5      | Found a shimmering altar of Xom.
  6770 | D:5      | Reached skill level 5 in Dodging
  6770 | D:5      | Reached XP level 7. HP: 45/45 MP: 6/12
  7285 | D:5      | Found Xuykety's General Store.
  7297 | D:5      | Bought a potion of mutation for 37 gold pieces
  7403 | D:5      | Found Bahior's Gadget Shop.
  7624 | D:5      | Found a staircase to the Ecumenical Temple.
  7645 | Temple   | Entered the Ecumenical Temple
  8482 | D:$      | Got out of the dungeon alive.

Action                   |  1- 3 |  4- 6 |  7- 9 || total
-------------------------+-------+-------+-------++-------
Melee: Unarmed           |   119 |   189 |    80 ||   388
Throw: Stone             |     2 |    33 |     7 ||    42
       Tomahawk          |       |     3 |     7 ||    10
 Cast: Beastly Appendage |    17 |    16 |     9 ||    42
       Sticks to Snakes  |       |     4 |    19 ||    23
Evoke: Wand              |       |       |     1 ||     1
  Use: Scroll            |       |     8 |       ||     8
       Potion            |       |     1 |       ||     1
 Stab: Sleeping          |     7 |     9 |     3 ||    19
       Distracted        |       |       |     1 ||     1
  Eat: Chunk             |     6 |    10 |     5 ||    21
       Beef jerky        |       |     1 |     1 ||     2
       Fruit             |       |     1 |       ||     1
       Pizza             |       |       |     1 ||     1
